 Dungeon Crawl Stone Soup version 0.28-a0-1190-g77e1c55843 (webtiles) character file.

Game seed: 12034451138423778486

48 ChaosChampion the Ruffian (level 3, 0/29 HPs)
             Began as a Draconian Transmuter on Dec 18, 2021.
             Slain by Natasha (1 damage)
             ... on level 3 of the Dungeon.
             The game lasted 00:02:27 (2642 turns).

ChaosChampion the Ruffian (Draconian Transmuter)    Turns: 2642, Time: 00:02:28

Health: 0/29       AC:  5    Str: 12    XL:     3   Next: 50%
Magic:  5/6        EV: 12    Int: 15    God:
Gold:   95         SH:  0    Dex: 11    Spells: 3/6 levels left

rFire   . . .      SeeInvis .     - Unarmed
rCold   . . .      Faith    .   (no shield)
rNeg    . . .      Spirit   .   (armour unavailable)
rPois   .          Reflect  .   (helmet currently unavailable)
rElec   .          Harm     .   (no cloak)
rCorr   .          Rampage  .   (no gloves)
Will    .....                   (boots currently unavailable)
Stlth   +.........              (no amulet)
HPRegen 0.09/turn               (no ring)
MPRegen 0.10/turn               (no ring)

@: appendages, slowed, very slow
A: horns 2, talons 2, AC +5, unfitting armour, cold-blooded
a: End Transformation


You were on level 3 of the Dungeon.
You had temporarily grown beastly horns and talons.
You visited 1 branch of the dungeon, and saw 3 of its levels.

You collected 95 gold pieces.

Inventory:

Magical Staves
 d - a staff of earth
Jewellery
 f - a +4 ring of evasion
 g - a +6 ring of dexterity
Scrolls
 a - a scroll of fog {unknown}
 b - a scroll of summoning {unknown}
 e - a scroll of identify {unknown}
Potions
 c - a potion of resistance {unknown}
 h - a potion of magic {unknown}
 i - a potion of berserk rage {unknown}


   Skills:
 + Level 2.0 Fighting
 - Level 1.7 Dodging
 * Level 3.9 Unarmed Combat
 - Level 2.0 Spellcasting
 + Level 2.5 Transmutations


You had 3 spell levels left.
You knew the following spells:

 Your Spells              Type           Power      Damage    Failure   Level
a - Beastly Appendage     Tmut           18%        N/A       8%          1
b - Wereblood             Tmut           9%         N/A       12%         2

Your spell library contained the following spells:

 Spells                   Type           Power      Damage    Failure   Level
 Passwall                 Tmut/Erth      4%         N/A       21%         2
 Sandblast                Erth           2%         2d4       22%         1
 Spider Form              Tmut/Pois      5%         N/A       36%         3
 Stone Arrow              Conj/Erth      2%         3d7       54%         3
 Ice Form                 Ice/Tmut       5%         N/A       78%         4


Dungeon Overview and Level Annotations

Branches:
Dungeon (3/15)

Altars:
Fedhas

Annotations:
D:1 Terence
D:3 Natasha


Innate Abilities, Weirdness & Mutations

You have temporarily grown beastly horns and talons.
Your plain brown scales are hard. (AC +5)
You cannot fit into any form of body armour.
You are cold-blooded and may be slowed by cold attacks.


Message History

The crimson imp hits you but does no damage.
You closely miss the crimson imp. The frilled lizard closely misses you.
The crimson imp blinks!
Natasha mumbles some strange words.
You feel disoriented. Natasha barely misses you.
The frilled lizard bites you but does no damage.
You barely miss the crimson imp.
Your tail-slap misses the crimson imp.
The crimson imp barely misses you. The goblin closely misses you.
Natasha claws you but does no damage. The frilled lizard closely misses you.
The crimson imp hits you. Natasha barely misses you.
The goblin hits you with a +0 dagger.
You are too injured to fight recklessly!
You are too injured to fight recklessly!
You are too injured to fight recklessly!
You are too injured to fight recklessly!
There are monsters nearby!
The frilled lizard bites you.
You see here a +0 club.
The crimson imp lashes its tail.
The goblin hits you with a +0 dagger.
* * * LOW HITPOINT WARNING * * *
The shadow imp shouts, "Escape, thou defiled nose-picking lout!"
Natasha claws you.
* * * LOW HITPOINT WARNING * * *
The goblin hits you but does no damage. Natasha casts a spell at you.
The magic dart hits you.
* * * LOW HITPOINT WARNING * * *
Casting: Beastly Appendage (safe; 8% risk of failure)
Confirm with . or Enter, or press ? or * to list all spells.
You grow a pair of large bovine horns.
Your feet morph into talons.
Natasha closely misses you.
The shadow imp disappears for a moment.
You closely miss Natasha. Natasha barely misses you.
The shadow imp shouts, "Taste defeat, thou unmuzzled roguish fleecer!"
Natasha claws you but does no damage.
You hit Natasha but do no damage. Your headbutt misses Natasha.
Natasha claws you.
You die...

####.#### #.......#
####### ##.......#
#.....# #........#
#.....# #........#
#.....# #........#
#.....# #≈.≈≈....#
#..†..# #.#
#≈≈≈≈...g#####.### #.#
#.≈_≈≈.l5h@.##.## #.#
#.≈≈≈.#5###.#...####.#
#..≈.≈#.# #.......##.#
##... ... #.#####.##.#
######.# #.# #.##.#
#.. ..# #....######
#####.# #.###......
#.# #.# #.##... #..
..# #<# )


You could see Natasha, a crimson imp (summoned), a shadow imp (summoned), a
goblin and a frilled lizard.

Vanquished Creatures
  A dart slug (D:2)
  2 ball pythons (D:1)
  4 bats (D:1)
  7 endoplasms
  A giant cockroach (D:2)
  5 goblins
  2 hobgoblins
  4 jackals (D:2)
  2 quokkas
  2 frilled lizards
  5 kobolds
  4 rats
39 creatures vanquished.

Notes
Turn   | Place    | Note
-------+----------+-------------------------------------------
     0 | D:1      | ChaosChampion the Draconian Transmuter began the quest for
                  | the Orb.
     0 | D:1      | Reached XP level 1. HP: 16/16 MP: 3/3
   201 | D:1      | Reached XP level 2. HP: 22/23 MP: 3/5
   919 | D:2      | Noticed Terence
  1356 | D:2      | Learned a level 2 spell: Wereblood
  1754 | D:2      | Reached XP level 3. HP: 29/29 MP: 4/6
  2625 | D:3      | Found a blossoming altar of Fedhas.
  2626 | D:3      | Noticed Natasha
  2639 | D:3      | HP: 1/29 [Natasha/magic dart (3)]
  2642 | D:3      | Slain by Natasha

Illustrated notes

Levels and vault maps discovered:
D:1:      psy_arrival_basics, layout_basic
D:2:      layout_loops_corners, uniq_terence
D:3:      layout_loops_cross, fedhas_altar_2, minmay_misc_feat_encased,
          uniq_natasha

Skill      XL: |  1  2  3 |
---------------+----------+-----
Fighting       | 2 |  2.0
Dodging        | |  1.7
Unarmed Combat | |  3.9
Spellcasting   | |  2.0
Transmutations | |  2.5

Action                   || total
-------------------------++-------
Melee: Unarmed           ||   126
       Headbutt          ||     9
       Tailslap          ||    16
       Kick              ||    13
 Cast: Beastly Appendage ||    23
       Wereblood         ||     2
 Stab: Sleeping          ||     2
Armor: Skin              ||    34
Dodge: Dodged            ||    72

Table legend: (Time is in decaauts)
 A = Elapsed time spent in this place.
 B = Non-inter-level travel time spent in this place.
 C = Inter-level travel time spent in this place.
 D = Time resting spent in this place.
 E = Time spent auto-exploring this place.
 F = Levels seen in this place.
 G = Mean time per level.
                   A        B        C        D        E       F      G
               +--------+--------+--------+--------+--------+-----+--------+
         Total |   2642 |   2590 |     52 |    326 |   1907 |   3 |  880.7 |
       Dungeon |   2642 |   2590 |     52 |    326 |   1907 |   3 |  880.7 |
               +--------+--------+--------+--------+--------+-----+--------+

Top non-repeatable levels by time:
     D:2: 1238 daAuts
     D:1: 1229 daAuts
     D:3: 174 daAuts
